 Dungeon Crawl Stone Soup version 0.23.2-33-g5129a83184 (webtiles) character file.

Game seed: 11583975571305446959

101 FishyPogo the Stinger (level 4, 0/36 HPs)
             Began as a Naga Venom Mage on Aug 10, 2019.
             Slain by an orc
             ... wielding a +0 hand axe
              (4 damage)
             ... on level 3 of the Dungeon.
             The game lasted 00:10:16 (2099 turns).

FishyPogo the Stinger (Naga Venom Mage)             Turns: 2099, Time: 00:10:17

Health: 0/36       AC:  3    Str: 10    XL:     4   Next: 75%
Magic:  1/8        EV:  9    Int: 16    God:
Gold:   155        SH:  0    Dex: 12    Spells: 2/8 levels left

rFire    . . .     SeeInvis +   o - +2 dagger (drain)
rCold    . . .     Gourm    .   (no shield)
rNeg     . . .     Faith    .   j - +0 leather armour
rPois    +         Spirit   .   q - +0 helmet
rElec    .         Reflect  .   (no cloak)
rCorr    .         Harm     .   (no gloves)
MR       .....                  (no barding)
Stlth    ++........             (no amulet)
HPRegen  0.12/turn              (no ring)
MPRegen  0.11/turn              (no ring)

@: very slightly contaminated, drained, invisible, very slow
A: large, see invisible, deformed body, poison resistance, slowness 2, slow
metabolism 1, spit poison 1, AC +1
a: Spit Poison


You were on level 3 of the Dungeon.
You were not hungry.

You visited 1 branch of the dungeon, and saw 3 of its levels.

You collected 155 gold pieces.

Inventory:

Hand Weapons
 o - a +2 dagger of draining (weapon)
Armour
 j - a +0 leather armour (worn)
 l - a +3 ring mail of positive energy
 q - a +0 helmet (worn)
Scrolls
 d - 2 scrolls of remove curse {unknown}
 e - 5 scrolls of amnesia {unknown}
 g - 3 scrolls of teleportation {unknown}
 i - 4 scrolls of identify {unknown}
 p - a scroll of fog {unknown}
Potions
 a - a potion of lignification {unknown}
 b - a potion of flight {unknown}
 f - a potion of curing
 h - a potion of mutation {unknown}
 k - a potion of haste {unknown}
 m - a potion of invisibility
 n - a potion of heal wounds {unknown}
Comestibles
 c - 9 rations


   Skills:
 + Level 0.2(0.0) Fighting
 + Level 0.1(0.0) Short Blades
 * Level 1.1(0.6) Armour
 + Level 1.9(1.3) Dodging
 + Level 3.6(3.0) Stealth
 * Level 2.8(2.3) Spellcasting
 + Level 1.5(0.9) Conjurations
 * Level 0.2(0.0) Air Magic
 + Level 4.8(4.2) Poison Magic


You had 2 spell levels left.
You knew the following spells:

 Your Spells              Type           Power        Failure   Level  Hunger
a - Sting                 Conj/Pois      ##..         10%         1    #......
b - Poisonous Vapours     Pois/Air       #.....       17%         2    ###....
c - Mephitic Cloud        Conj/Pois/Air  #.......     38%         3    ###....

Your spell library contained the following spells:

 Spells                   Type           Power        Failure   Level  Hunger
 Olgreb's Toxic Radiance  Pois           ###.....     43%         4    #####..
 Venom Bolt               Conj/Pois      ##........   95%         5    ######.


Dungeon Overview and Level Annotations

Branches:
Dungeon (3/15)

Altars:
Gozag


Innate Abilities, Weirdness & Mutations

You cannot wear boots.
Your serpentine skin is tough. (AC +1)
You have supernaturally acute eyesight. (SInv)
Armour fits poorly on your strangely shaped body.
Your system is resistant to poisons. (rPois)
You cover ground very slowly.
You have a slow metabolism.
You can spit poison.


Message History

You closely miss the orc.
The orc is severely wounded.
The orc hits you with a +0 hand axe. The orc hits you but does no damage.
Casting: Sting (safe; 10% risk of failure)
Confirm with . or Enter, or press ? or * to list all spells.
Aiming: Sting (safe; 10% risk of failure)
Press: ? - help, Shift-Dir - straight line, f/p - orc
Aim: an orc, wearing a +0 leather armour (heavily wounded, poisoned)
The sting misses the orc.
The orc hits you with a +0 hand axe!
* * * LOW HITPOINT WARNING * * *
The orc completely misses you.
You hit the orc. You drain the orc.
You kill the orc!
The orc barely misses you.
Okay, then.
It was a potion of invisibility.
You fade into invisibility!
You have got your breath back.
The orc hits you with a +0 hand axe.
You die...

#.. #.#.#.# ..
###.#)#.# #. .
....#.#.# #. ..
#.#.#.#.# #.### .>
#.#.#)#.# #####.#..
.# #.#.#.#.#
......... .#
#.#.#.#[# .
.#####...# .#
#....So@#
...........#
.###########.#.#####
#.#####....
....................
...##..##
'###########.#.#####
#.##.#..... .....#
#.#... #........#.
.....# #.#.###
####.#.#... .....#
#.#.# #.#.#.#.
.....# #.#..
#.#.#.#. .....# #.#
#)####.#.#.#.


You could see an adder and an orc.

Vanquished Creatures
  2 adders
  2 worms (D:2)
  A leopard gecko (D:2)
  3 orcs (D:3)
  2 giant cockroaches (D:3)
  16 goblins
  12 hobgoblins
  5 jackals (D:1)
  7 bats
  12 kobolds
  4 rats
66 creatures vanquished.

Notes
Turn   | Place    | Note
-------+----------+-------------------------------------------
     0 | D:1      | FishyPogo the Naga Venom Mage began the quest for the Orb.
     0 | D:1      | Reached XP level 1. HP: 15/15 MP: 3/3
    61 | D:1      | Reached XP level 2. HP: 20/22 MP: 3/5
   159 | D:1      | Learned a level 2 spell: Poisonous Vapours
   381 | D:1      | Reached XP level 3. HP: 28/28 MP: 4/6
  1329 | D:2      | Reached XP level 4. HP: 19/36 MP: 0/8
  1756 | D:3      | Learned a level 3 spell: Mephitic Cloud
  1809 | D:3      | Found an opulent altar of Gozag.
  1906 | D:3      | Reached skill level 1 in Armour
  2099 | D:3      | Slain by an orc

Skill      XL: |  1  2  3  4 |
---------------+-------------+-----
Armour         | 1 |  1.1
Fighting       | |  0.2
Short Blades   | |  0.1
Dodging        | |  1.9
Stealth        | |  3.6
Spellcasting   | |  2.8
Conjurations   | |  1.5
Air Magic      | |  0.2
Poison Magic   | |  4.8

Action                   |  1- 3 |  4- 6 || total
-------------------------+-------+-------++-------
Melee: Unarmed           |     3 |       ||     3
       Dagger            |    30 |    18 ||    48
       Rapier            |     8 |       ||     8
 Cast: Sting             |    55 |    22 ||    77
       Poisonous Vapours |     4 |     3 ||     7
 Abil: Spit Poison       |    23 |    11 ||    34
  Use: Potion            |       |     1 ||     1
 Stab: Sleeping          |     1 |       ||     1
  Eat: Chunk             |     2 |     4 ||     6
Armor: Robe              |     6 |       ||     6
       Leather armour    |     8 |     3 ||    11
Dodge: Dodged            |    36 |     7 ||    43
